 Dungeon Crawl Stone Soup version 0.27-a0-773-gaaee5cf45b (webtiles) character file.

Game seed: 9347655727053191715

2 snetch the Vexing (level 1, -1/7 HPs)
             Began as a Felid Enchanter on Mar 25, 2021.
             Slain by a jackal (2 damage)
             ... on level 1 of the Dungeon.
             The game lasted 00:00:44 (52 turns).

snetch the Vexing (Felid Enchanter)                   Turns: 52, Time: 00:00:45

Health: -1/7       AC:  1    Str:  4    XL:     1   Next: 33%
Magic:  3/4        EV: 17    Int: 16    God:
Gold:   6          SH:  0    Dex: 16    Spells: 3/4 levels left
                                        Lives:  0   Deaths: 0

rFire    . . .     SeeInvis +     - Unarmed
rCold    . . .     Faith    .   (shield unavailable)
rNeg     . . .     Spirit   .   (armour unavailable)
rPois    .         Reflect  .   (helmet unavailable)
rElec    .         Harm     .   (cloak unavailable)
rCorr    .         Rampage  .   (gloves unavailable)
Will     .....                  (boots unavailable)
Stlth    +++.......             (no amulet)
HPRegen  0.02/turn              (no ring)
MPRegen  0.09/turn              (no ring)

@: quick
A: very small, claws 1, fangs 3, see invisible, speed 1, shaggy fur 1, stealthy
paws, no weapons or thrown items, no armour, multi-lived
a: no special abilities


You were on level 1 of the Dungeon.
You visited 1 branch of the dungeon, and saw 1 of its levels.

You collected 6 gold pieces.

Inventory:

Scrolls
 a - a scroll of amnesia {unknown}
 b - 2 scrolls of immolation {unknown}


   Skills:
 + Level 2.6 Dodging
 + Level 4.0 Stealth
 + Level 1.2 Unarmed Combat
 + Level 2.0 Spellcasting
 + Level 4.5 Hexes


You had 3 spell levels left.
You knew the following spells:

 Your Spells              Type           Power      Damage    Failure   Level
a - Corona                Hex            17%        N/A       3%          1

Your spell library contained the following spells:

 Spells                   Type           Power      Damage    Failure   Level
 Confusing Touch          Hex            16%        N/A       10%         3
 Tukima's Dance           Hex            16%        N/A       10%         3
 Ensorcelled Hibernation  Hex/Ice        16%        N/A       12%         2
 Dazzling Flash           Conj/Hex       16%        N/A       24%         3


Dungeon Overview and Level Annotations

Branches:
Dungeon (1/15)

Altars:


Innate Abilities, Weirdness & Mutations

You have sharp claws.
You have razor-sharp teeth.
You have supernaturally acute eyesight. (SInv)
You cover ground quickly. (Speed+)
You are covered in fur. (AC +1)
Your stealthy paws help you sneak and pounce on unaware monsters.
You are incapable of wielding weapons or throwing items.
You cannot wear armour.
You gain extra lives every three experience levels.


Message History

Casting: Corona (safe; 3% risk of failure)
Confirm with . or Enter, or press ? or * to list all spells.
Aiming: Corona (safe; 3% risk of failure)
Press: ? - help, Shift-Dir - straight line, f/p - endoplasm
Aim: an endoplasm (chance to affect: 51%)
The endoplasm is outlined in light.
You scratch the endoplasm but do no damage.
The endoplasm freezes you.
You are frozen.
Ouch! That really hurt!
* * * LOW HITPOINT WARNING * * *
You scratch the endoplasm but do no damage.
The hobgoblin shouts!
You hear a shout!
You hear a bark!
A jackal comes into view.
The endoplasm closely misses you.
You scratch the endoplasm.
The endoplasm is heavily wounded.
A goblin comes into view. It is wielding a +0 club.
The endoplasm hits you but does no damage.
The goblin shouts!
You scratch the endoplasm.
You kill the endoplasm!
A jackal comes into view.
A ball python comes into view.
The helpless ball python fails to defend itself.
You claw the ball python!
You kill the ball python!
The jackal misses you.
Found 13 gold pieces.
Casting: Corona (safe; 3% risk of failure)
Confirm with . or Enter, or press ? or * to list all spells.
Aiming: Corona (safe; 3% risk of failure)
Press: ? - help, Shift-Dir - straight line, f - jackal
Aim: a jackal (chance to affect: 71%)
The jackal is outlined in light.
The jackal bites you.
* * * LOW HITPOINT WARNING * * *
You scratch the jackal.
The jackal is moderately wounded.
The jackal bites you.
You die...

##..≈≈......≈....≈≈..
#..≈....≈≈≈≈....(g.≈.
#...≈≈≈≈......≈≈≈≈≈..
#...h...g............
#.##########..#......
#.# #.........> #.#
#.#........
#.######.............
#..h@....#.##.....[..
#######.#..$....#####
... #...# .#.. ...#


You could see a jackal (corona).

Vanquished Creatures
  A ball python (D:1)
  An endoplasm (D:1)
2 creatures vanquished.

Notes
Turn   | Place    | Note
-------+----------+-------------------------------------------
     0 | D:1      | snetch the Felid Enchanter began the quest for the Orb.
     0 | D:1      | Reached XP level 1. HP: 7/7 MP: 4/4
    52 | D:1      | Slain by a jackal

Illustrated notes

Levels and vault maps discovered:
D:1:      ebering_trefoil_3fold, layout_rooms

Action                   || total
-------------------------++-------
Melee: Unarmed           ||     6
 Cast: Corona            ||     3
 Stab: Sleeping          ||     1
Armor: Skin              ||     1
Dodge: Dodged            ||     2

Table legend: (Time is in decaauts)
 A = Elapsed time spent in this place.
 B = Non-inter-level travel time spent in this place.
 C = Inter-level travel time spent in this place.
 D = Time resting spent in this place.
 E = Time spent auto-exploring this place.
 F = Levels seen in this place.
 G = Mean time per level.
                   A        B        C        D        E       F      G
               +--------+--------+--------+--------+--------+-----+--------+
         Total |     43 |     43 |      0 |      0 |     11 |   1 |   43.0 |
       Dungeon |     43 |     43 |      0 |      0 |     11 |   1 |   43.0 |
               +--------+--------+--------+--------+--------+-----+--------+

Top non-repeatable levels by time:
     D:1: 43 daAuts
